 Dungeon Crawl Stone Soup version bcrawl-1.36.3 (webtiles) character file.

Game seed: 7731198921470266211

111607 zzzzzzzz the Covered (level 5, -3/46 HPs)
             Began as a Minotaur Fighter on June 23, 2022.
             Slain by Crazy Yiuf
             ... wielding a +3 quarterstaff of chaos
              (11 damage)
             ... on level 4 of the Dungeon.
             The game lasted 00:08:51 (3367 turns).

zzzzzzzz the Covered (Minotaur Fighter)             Turns: 3367, Time: 00:08:52

Health: -3/46      AC:  9    Str: 22    XL:     5   Next: 8%
Magic:  4/4        EV:  6    Int:  5    God:
Gold:   301        SH:  9    Dex:  9    Spells: 4/4 levels left

rFire    . . .     SeeInvis .   a - +1 war axe
rCold    . . .     Gourm    .   c - +0 medium shield
rNeg     . . .     Faith    .   b - +0 scale mail
rPois    .         Spirit   .   (helmet restricted)
rElec    .         Reflect  .   m - scarf {repulsion}
rCorr    .                      p - +1 pair of gloves
MR       .....                  (no boots)
Stlth    ..........             (no amulet)
HPRegen  0.15/turn              r - -2 ring of slaying (curse)
MPRegen  0.09/turn              (no ring)

@: about to teleport, hasted and slowed, repel missiles
A: retaliatory headbutt, horns 2
a: no special abilities


You were on level 4 of the Dungeon.
You were hungry.

You visited 1 branch of the dungeon, and saw 4 of its levels.

You collected 301 gold pieces.

Inventory:

Hand Weapons
 a - a +1 war axe (weapon)
Armour
 b - a +0 scale mail (worn)
 c - a +0 medium shield (worn)
 m - a scarf of repulsion (worn)
 p - a +1 pair of gloves (worn)
Jewellery
 r - a cursed -2 ring of slaying (left hand)
 s - an uncursed ring of protection from fire {unknown}
Scrolls
 h - 2 scrolls of enchant weapon
 i - 3 scrolls of identify
 j - a scroll of immolation
 o - 3 scrolls of amnesia
Potions
 d - 4 potions of might
 g - 2 potions of lignification {unknown}
 l - a potion of brilliance {unknown}
Comestibles
 e - 6 rations {!d}


   Skills:
 + Level 4.0 Fighting
 + Level 4.3 Axes
 + Level 4.8 Armour
 + Level 1.0 Dodging
 + Level 4.5 Shields


You had 4 spell levels left.
You didn't know any spells.
Your spell library was empty.

Dungeon Overview and Level Annotations

Branches:
Dungeon (4/12)
 Temple: D:4-7

Altars:
Fedhas
Lugonu
Nemelex Xobeh
Xom

Annotations:
D:2 1 transporter
D:4 1 runed door, Crazy Yiuf


Innate Abilities, Weirdness & Mutations

You reflexively headbutt those who attack you in melee.
You have a pair of horns on your head.


Message History

You hit Crazy Yiuf but do no damage.
Crazy Yiuf hits you with a +3 quarterstaff of chaos.
You closely miss Crazy Yiuf. You block Crazy Yiuf's attack.
You hit Crazy Yiuf but do no damage. Crazy Yiuf hits you but does no damage.
You feel yourself speed up. You block Crazy Yiuf's attack.
You barely miss Crazy Yiuf.
You headbutt Crazy Yiuf, but do no damage.
Crazy Yiuf cries, "Paint sizzlefizz snail!"
Crazy Yiuf hits you with a +3 quarterstaff of chaos.
Your shield prevents you from hitting Crazy Yiuf.
You closely miss Crazy Yiuf. Crazy Yiuf hits you but does no damage.
You feel yourself slow down.
Your shield and scale mail prevent you from hitting Crazy Yiuf.
Your headbutt misses Crazy Yiuf.
Crazy Yiuf hits you with a +3 quarterstaff of chaos!
* * * LOW HITPOINT WARNING * * *
As you read the scroll of teleportation, it crumbles to dust.
You feel strangely unstable.
Crazy Yiuf hits you with a +3 quarterstaff of chaos!
You die...

.# .##..
##### ..#..
#)g.# ...##
#@..# .....
#...# .....
##+## ......
......#.....#
............#
............#
............#
.♣♣
..<.........#
PP.♣


You could see Crazy Yiuf.

Vanquished Creatures
  An orc priest (D:3)
  Robin (D:2)
  An adder (D:3)
  4 worms
  A dart slug (D:2)
  4 leopard geckos
  4 orcs
  2 giant cockroaches (D:1)
  13 goblins
  14 hobgoblins
  A jackal (D:3)
  A ball python (D:1)
  3 bats
  2 frilled lizards (D:1)
  8 kobolds
  7 rats
67 creatures vanquished.

Notes
Turn   | Place    | Note
-------+----------+-------------------------------------------
     0 | D:1      | zzzzzzzz the Minotaur Fighter began the quest for the Orb.
     0 | D:1      | Reached XP level 1. HP: 19/19 MP: 0/0
   201 | D:1      | Reached XP level 2. HP: 27/27 MP: 1/1
   859 | D:1      | Reached XP level 3. HP: 33/33 MP: 2/2
  1197 | D:2      | Noticed Robin
  1778 | D:2      | Killed Robin
  1779 | D:2      | Reached XP level 4. HP: 36/40 MP: 3/3
  1956 | D:2      | Found a sparkling altar of Nemelex Xobeh.
  1956 | D:2      | Found a transporter.
  1956 | D:2      | Noticed a phantom
  2111 | D:2      | Found a blossoming altar of Fedhas.
  2112 | D:2      | Found a corrupted altar of Lugonu.
  2114 | D:2      | Found a shimmering altar of Xom.
  2230 | D:3      | Reached skill level 1 in Dodging
  2693 | D:3      | Reached XP level 5. HP: 46/46 MP: 4/4
  3348 | D:4      | Noticed an ogre
  3358 | D:4      | Found a runed door.
  3358 | D:4      | Noticed Crazy Yiuf
  3367 | D:4      | Slain by Crazy Yiuf

Skill      XL: |  1  2  3  4 |
---------------+-------------+-----
Axes           | 3 4 |  4.3
Shields        | 4 |  4.5
Armour         | 4 |  4.8
Fighting       | 4 |  4.0
Dodging        | 1 |  1.0

Action                   |  1- 3 |  4- 6 || total
-------------------------+-------+-------++-------
Melee: War axe           |   105 |    53 ||   158
       Headbutt          |    19 |     6 ||    25
  Use: Scroll            |       |     9 ||     9
       Potion            |       |     1 ||     1
  Eat: Chunk             |     6 |     6 ||    12
Armor: Scale mail        |    44 |    10 ||    54
Dodge: Dodged            |    25 |    10 ||    35
Block: Medium shield     |    73 |    22 ||    95
